cohdb
Replays
Latest Replays
All Replays
Popular Replays
Top Player Replays
Match Explorer
How It Works
Community
CoH3 Stats
Reddit
Sign in to upload your games and track your stats! →
Sign in with Steam
Match 43211130
Unlisted
Match 43211130
Overview
Messages
Build Orders
End
Kradschützen Motorcycle Team
Selects Italian Combined Arms Battlegroup
Selects Bersaglieri Squad
Bersaglieri Squad
Bersaglieri Squad
Construct Light Support Kompanie
Selects Bersaglieri Bolster
Bersaglieri Squad
Fire Support Elements
Pak 38 Mechanized Group
Flakvierling Half-track
Selects Breda Model 30 Light Machine Guns
Vehicle Survival Package
Bersaglieri Squad
Construct Panzerarmee Kommand
Pak 38 Mechanized Group
Selects Semovente da 75/18 Assault Gun
Selects Strafing Run
Selects Pact of Steel
Flakvierling Half-track
Emergency Repair Kits
Walking Stuka Rocket Launcher
Pak 38 Mechanized Group
Flakvierling Half-track
Strafing Run
MrGlaucus
Discoverer
Watson
BALCK_9
0
0
Comments
sign in to comment!
No comments posted yet!